 Dungeon Crawl Stone Soup version 0.31-a0-692-gf03d1854d5 (webtiles) character file.

Game seed: 17940123953812628713

28412 Ijustatesigmund the Epochal (level 13, -8/122 HPs)
             Began as a Hill Orc Fighter on Sept 7, 2023.
             Was an Elder of Cheibriados.
             Mangled by a skeletal warrior
             ... wielding a +0 mace
             ... summoned by a glowing orange brain
              (13 damage)
             ... on level 14 of the Dungeon.
             The game lasted 00:32:35 (17309 turns).

Ijustatesigmund the Epochal (Hill Orc Fighter)     Turns: 17309, Time: 00:32:36

Health: -8/122     AC: 19    Str: 33    XL:     13   Next: 38%
Magic:  24/24      EV: 27    Int: 17    God:    Cheibriados [****..]
Gold:   1030       SH:  0    Dex: 19    Spells: 12/12 levels left

rFire   + + +        A - +7 great mace "Firestarter" {flame, immolate, rFlCloud rF++}
rCold   . . .        (shield currently unavailable)
rNeg    . . .        b - +0 chain mail
rPois   .            h - +1 helmet
rElec   .            o - +2 cloak
rCorr   +            j - +0 pair of gloves
SInv    .            x - +1 pair of boots {Fly}
Will    .....        s - amulet of the acrobat Stlth
                     l - ring of resist corrosion
HPRegen 0.40/turn    p - ring of protection from fire
MPRegen 0.19/turn

%: acrobat
@: about to teleport, acrobatic, flying, studying Fire Magic, very slow
A: no striking features
a: Renounce Religion, Bend Time, Temporal Distortion, Slouch


You were on level 14 of the Dungeon.
You worshipped Cheibriados.
Cheibriados was greatly pleased with you.
You visited 2 branches of the dungeon, and saw 15 of its levels.
You also visited: Bailey.

You collected 1030 gold pieces.

Inventory:

Hand Weapons
 a - a +1 war axe of freezing
 A - the +7 great mace "Firestarter" (weapon) {flame, immolate, rFlCloud rF++}
   (You found it on level 13 of the Dungeon)

   rFlCloud:  It grants immunity to clouds of flame.
   rF++:      It greatly protects you from fire.
Missiles
 f - a throwing net
Armour
 b - a +0 chain mail (worn)
 c - a +0 buckler of resistance
 h - a +1 helmet (worn)
 j - a +0 pair of gloves (worn)
 o - a +2 cloak (worn)
 x - a +1 pair of boots of flying (worn)
Jewellery
 e - a ring of ice
 l - a ring of resist corrosion (left hand)
 p - a ring of protection from fire (right hand)
 s - an amulet of the acrobat (around neck)
 E - an amulet of faith
 H - a ring of poison resistance
Wands
 m - a wand of charming (3)
 r - a wand of digging (13)
 t - a wand of roots (33)
 v - a wand of flame (12)
 F - a wand of polymorph (7)
Scrolls
 g - 3 scrolls of teleportation
 n - 2 scrolls of identify
 w - 2 scrolls of enchant weapon
 y - 2 scrolls of poison
 B - 2 scrolls of brand weapon
 D - 3 scrolls of torment
 G - a scroll of amnesia
 J - a scroll of summoning
Potions
 d - 4 potions of attraction
 i - 4 potions of brilliance
 k - 5 potions of ambrosia
 q - a potion of mutation
 u - 3 potions of enlightenment
 z - a potion of might
 I - a potion of magic
Miscellaneous
 C - a phantom mirror


   Skills:
 + Level 13.6 Fighting
 + Level 14.5 Axes
 - Level 6.0 Armour
 - Level 5.3 Dodging
 - Level 6.9 Shields
 + Level 14.7 Invocations
 + Level 6.1 Evocations


You had 12 spell levels left.
You didn't know any spells.
Your spell library contained the following spells:

 Spells                   Type           Power      Damage    Failure   Level
 Apportation              Tloc           0%         N/A       61%         1
 Blink                    Tloc           0%         N/A       75%         2
 Lesser Beckoning         Tloc           0%         N/A       75%         2
 Momentum Strike          Conj/Tloc      0%         3d8       75%         2
 Passwall                 Tmut/Erth      0%         N/A       75%         2
 Poisonous Vapours        Pois/Air       0%         N/A       75%         2
 Scorch                   Fire           0%         2d5       75%         2
 Static Discharge         Conj/Air       0%         2-2/arc   75%         2
 Sublimation of Blood     Necr           0%         N/A       75%         2
 Gell's Gravitas          Tloc           0%         N/A       93%         3
 Ignite Poison            Fire/Tmut/Pois 0%         N/A       93%         3
 Inner Flame              Hex/Fire       0%         N/A       93%         3
 Mephitic Cloud           Conj/Pois/Air  0%         N/A       93%         3
 Teleport Other           Tloc           0%         N/A       93%         3
 Airstrike                Air            0%         2d(0-16)  100%        4
 Dispel Undead            Necr           0%         3d6       100%        4
 Flame Wave               Conj/Fire      0%         2d4       100%        4
 Manifold Assault         Tloc           0%         N/A       100%        4
 Sticky Flame             Conj/Fire      0%         2d3       100%        4
 Summon Lightning Spire   Summ/Air       0%         N/A       100%        4
 Freezing Cloud           Conj/Ice/Air   0%         6-21      100%        5
 Summon Cactus Giant      Summ           0%         N/A       100%        6
 Malign Gateway           Summ/Tloc      0%         N/A       100%        7
 Disjunction              Tloc           0%         N/A       100%        8
 Ignition                 Fire           0%         3d3       100%        8


Dungeon Overview and Level Annotations

Branches:
Dungeon (14/15)            Temple (1/1) D:7            Lair (0/5) D:8
    Orc (0/2) D:11         Vaults (0/5) D:14         Bailey (visited)

Altars:
Ashenzari
Cheibriados
Dithmenos
Elyvilon
Fedhas
Gozag
Hepliaklqana
Kikubaaqudgha
Makhleb
Nemelex Xobeh
Okawaru
Qazlal
Ru
Sif Muna
Trog
Uskayaw
Vehumet
Wu Jian
Xom
Yredelemnul
Zin
The Shining One
Beogh

Shops:
D:14 *


Message History

You hit the skeletal warrior but do no damage.
The skeletal warrior hits you but does no damage.
You hit the skeletal warrior but do no damage.
The skeletal warrior hits you with a +0 mace!
The skeletal warrior hits you but does no damage.
The glowing orange brain pulsates.
You are confused.
You bump into the metal wall.
The skeletal warrior hits you with a +0 mace!
The skeletal warrior hits you but does no damage.
The skeletal warrior hits you with a +0 hand axe.
You feel less confused. The skeletal warrior misses you.
You bludgeon the skeletal warrior!! You burn the skeletal warrior.
The skeletal warrior is filled with an inner flame.
The skeletal warrior is heavily damaged.
The skeletal warrior hits you with a +0 mace!
The skeletal warrior closely misses you.
The skeletal warrior barely misses you.
You hit the skeletal warrior but do no damage.
The skeletal warrior is heavily damaged.
The skeletal warrior hits you with a +0 mace!
The skeletal warrior hits you from afar with a +0 halberd!
* * * LOW HITPOINT WARNING * * *
The skeletal warrior hits you but does no damage.
Unknown command.
As you read the scroll of teleportation, it crumbles to dust.
You feel strangely unstable.
The skeletal warrior hits you but does no damage.
The skeletal warrior hits you from afar with a +0 halberd.
* * * LOW HITPOINT WARNING * * *
The skeletal warrior hits you but does no damage.
The skeletal warrior attacks as it pursues you!
The skeletal warrior completely misses you.
The skeletal warrior attacks as it pursues you!
The skeletal warrior barely misses you.
The skeletal warrior hits you from afar with a +0 halberd!!
* * * LOW HITPOINT WARNING * * *
The skeletal warrior hits you with a +0 mace!
You die...

############.###################.
#!# #. #.# #. #.# #. #.#
######### #. #.####z..zG..#
######. ############...>.z###'''#
#...... ................z.#
.....##......
##########......@z#...8z.†#......
#...#######z....#######. #...#
#.z∩..# #. ##
####...#######.....#######. ..
.............#†.....†#...... [
..........)..# ### #......
########.....####.####......
#................)...
#....................


You could see 4 skeletal warriors.

Vanquished Creatures
  Erolcha (D:12)
  A hydra (D:13)
  A salamander tyrant (D:13)
  2 two-headed ogres
  4 centaur warriors
  A boulder beetle (D:11)
  Sonja (D:12)
  A glowing orange brain (shapeshifter) (D:13)
  An orc knight (Bailey)
  2 ugly things
  4 deep elf pyromancers
  An orc sorcerer (D:12)
  A cyclops (D:11)
  Maurice (D:9)
  2 gargoyles (D:14)
  A smoke demon (D:13)
  Maggie (D:10)
  An unseen horror (D:12)
  2 kobold demonologists
  A komodo dragon (D:10)
  Psyche (D:8)
  3 efreet (D:13)
  2 trolls
  2 hornets (D:10)
  14 slime creatures (D:14)
  2 fire elementals (D:13)
  A shadow (D:12)
  2 wyverns
  12 yaks
  Grum (D:10)
  7 vampire mosquitoes
  A steam dragon (D:9)
  An acid dragon (D:10)
  2 sky beasts
  2 water moccasins
  4 black bears
  15 orc warriors
  An ogre (D:5)
  3 wolves (D:10)
  16 centaurs
  2 phantoms (D:5)
  2 kobold brigands (D:12)
  5 bullfrogs
  A gnoll sergeant (D:9)
  4 scorpions
  18 killer bees
  2 electric eels (D:6)
  8 howler monkeys
  8 orc priests
  Crazy Yiuf (D:4)
  A jelly (D:6)
  A gnoll bouda (D:8)
  6 hounds
  Jessica (D:2)
  An iguana (D:4)
  Natasha (thrice) (D:2)
  11 orc wizards
  Robin (D:2)
  10 gnolls
  8 adders
  A shadow imp (D:7)
  A white imp (D:5)
  4 worms
  14 dart slugs
  65 orcs
  4 endoplasms
  4 giant cockroaches
  15 goblins
  9 hobgoblins
  5 jackals
  20 kobolds
  4 quokkas
  8 ball pythons
  4 bats
  3 rats
377 creatures vanquished.

Vanquished Creatures (collateral kills)
  An orc warrior (Bailey)
  An orc (Bailey)
  2 kobolds (Bailey)
4 creatures vanquished.

Vanquished Creatures (others)
  2 centaur warriors (D:13)
  2 vampire mosquitoes (D:13)
  An orc wizard (D:10)
  A gnoll (Bailey)
  A dart slug (D:6)
  A goblin (D:8)
8 creatures vanquished.

Grand Total: 389 creatures vanquished

Notes
Turn   | Place    | Note
-------+----------+-------------------------------------------
     0 | D:1      | Ijustatesigmund the Hill Orc Fighter began the quest for
                  | the Orb.
     0 | D:1      | Reached XP level 1. HP: 19/19 MP: 1/1
   192 | D:1      | Reached XP level 2. HP: 22/27 MP: 2/2
  1167 | D:2      | Reached XP level 3. HP: 30/34 MP: 3/3
  1322 | D:2      | Reached XP level 4. HP: 36/41 MP: 4/4
  1419 | D:2      | Reached skill level 5 in Fighting
  1456 | D:2      | Noticed Natasha
  1464 | D:2      | Killed Natasha
  1507 | D:2      | Noticed Robin
  1517 | D:2      | Killed Robin
  1518 | D:2      | Reached skill level 5 in Axes
  1637 | D:2      | Reached XP level 5. HP: 46/48 MP: 5/5
  1676 | D:2      | Noticed Natasha
  1683 | D:2      | Killed Natasha
  1842 | D:2      | Noticed Jessica
  1848 | D:2      | Killed Jessica
  2106 | D:2      | Noticed Natasha
  2113 | D:2      | Killed Natasha
  2244 | D:3      | Reached XP level 6. HP: 57/57 MP: 6/6
  3057 | D:4      | Identified the +4 quarterstaff "Hoehoret" {heavy, rC+}
  3445 | D:4      | Found a runed translucent door.
  3446 | D:4      | Noticed Crazy Yiuf
  3457 | D:4      | Killed Crazy Yiuf
  3774 | D:5      | Entered Level 5 of the Dungeon
  3794 | D:5      | Reached XP level 7. HP: 53/64 MP: 7/7
  4297 | D:5      | Found a glowing silver altar of Zin.
  4471 | D:5      | Reached XP level 8. HP: 59/74 MP: 8/8
  4666 | D:5      | Found a hide-covered altar of Uskayaw.
  4666 | D:5      | Found a shimmering altar of Xom.
  4667 | D:5      | Found an iron altar of Okawaru.
  5713 | D:6      | Reached skill level 10 in Axes
  5866 | D:6      | Got the Grimoire of Morbid Coordinates
  5985 | D:6      | Reached skill level 10 in Fighting
  6070 | D:6      | Reached XP level 9. HP: 78/85 MP: 9/9
  6305 | D:7      | Found a broken altar of Ashenzari.
  7336 | D:7      | Noticed a troll
  7424 | D:7      | Found a staircase to the Ecumenical Temple.
  7756 | Temple   | Entered the Ecumenical Temple
  7765 | Temple   | Became a worshipper of Cheibriados the Contemplative
  7856 | D:8      | Found an ornate altar of the Wu Jian Council.
  7866 | D:8      | Noticed Psyche
  7868 | D:8      | Reached skill level 1 in Invocations
  7869 | D:8      | Killed Psyche
  7881 | D:8      | Reached XP level 10. HP: 77/96 MP: 10/13
  7884 | D:8      | Reached skill level 5 in Armour
  7910 | D:7      | Reached skill level 5 in Invocations
  7961 | D:8      | Identified the +4 ring mail of the Stone Wall {Rampage
                  | Str+2 Dex+2 SInv}
  7963 | D:8      | Found a flagged portal.
  7967 | D:8      | Reached * piety under Cheibriados
  7999 | Bailey   | Entered a bailey
  8090 | Bailey   | Noticed an orc knight
  8365 | Bailey   | HP: 3/96 [orc knight/+0 war axe (8)]
  8369 | Bailey   | Killed an orc knight
  8370 | Bailey   | Reached skill level 1 in Dodging
  9179 | Bailey   | Reached ** piety under Cheibriados
  9337 | D:8      | Found a staircase to the Lair.
  9475 | D:8      | Found a sacrificial altar of Ru.
  9940 | D:9      | You are sucked into a shaft and drop 1 floor!
  9940 | D:10     | Entered Level 10 of the Dungeon
  9945 | D:10     | Noticed Grum
  9959 | D:10     | Killed Grum
 10196 | D:10     | Reached XP level 11. HP: 91/102 MP: 17/17
 10302 | D:9      | Reached *** piety under Cheibriados
 10458 | D:9      | Reached skill level 5 in Dodging
 10458 | D:9      | Reached skill level 10 in Invocations
 10679 | D:9      | Noticed Maurice
 10694 | D:9      | Killed Maurice
 11804 | D:10     | Found a roughly hewn altar of Beogh.
 11805 | D:10     | Reached **** piety under Cheibriados
 11948 | D:10     | Found an ancient bone altar of Kikubaaqudgha.
 11957 | D:10     | Noticed Maggie
 11966 | D:10     | Killed Maggie
 11967 | D:10     | Reached skill level 5 in Shields
 12308 | D:10     | Noticed a two-headed ogre
 12320 | D:10     | Killed a two-headed ogre
 12545 | D:11     | Noticed a cyclops
 12554 | D:11     | Killed a cyclops
 12836 | D:11     | Found a staircase to the Orcish Mines.
 12876 | D:11     | Reached ***** piety under Cheibriados
 13108 | D:11     | Noticed a boulder beetle
 13126 | D:11     | Killed a boulder beetle
 13588 | D:12     | Noticed Sonja
 13601 | D:12     | Reached XP level 12. HP: 91/110 MP: 21/21
 13609 | D:12     | Reached skill level 1 in Evocations
 13609 | D:12     | Killed Sonja
 13804 | D:12     | Got the Grimoire of Translocated Oromancy
 13910 | D:12     | Noticed Erolcha
 13919 | D:12     | Killed Erolcha
 14519 | D:13     | Noticed a salamander tyrant
 14519 | D:13     | Found the +7 great mace "Firestarter" {flame, immolate,
                  | rFlCloud rF++}
 14520 | D:13     | Noticed a centaur warrior
 14769 | D:13     | Noticed a centaur warrior
 14780 | D:13     | Killed a centaur warrior
 14785 | D:13     | Killed a salamander tyrant
 15068 | D:13     | Noticed a two-headed ogre
 15071 | D:13     | Killed a two-headed ogre
 15146 | D:13     | Noticed a centaur warrior
 15146 | D:13     | Noticed a centaur warrior
 15170 | D:13     | Killed a centaur warrior
 15185 | D:13     | Noticed a centaur warrior
 15472 | D:13     | Reached skill level 5 in Evocations
 15525 | D:13     | Noticed a six-headed hydra
 15577 | D:13     | Reached XP level 13. HP: 118/122 MP: 23/23
 16470 | D:14     | Found Arhup's Alliterative Armaments.
 16970 | D:14     | Identified the +1 leather armour of Going Fast {Rampage}
 17294 | D:14     | Found a gate to the Vaults.
 17309 | D:14     | HP: 5/122 [skeletal warrior/+0 halberd[a glowing orange
                  | brain] (23)]
 17309 | D:14     | Mangled by a skeletal warrior

Illustrated notes

Levels and vault maps discovered:
D:1:      psy_arrival_dodecagon, layout_basic, dreamdust_princess_bridge,
          hangedman_glass_garden
D:2:      layout_loops_ring, uniq_robin, uniq_jessica, uniq_natasha
D:3:      layout_rooms, chequers_serial_rivers_small_3
D:4:      layout_rooms, uniq_crazy_yiuf_cottage
D:5:      layout_basic, zin_treasury, gammafunk_temple_overflow_claw,
          patterned_corridor
D:6:      kennysheep_slugbush, layout_rooms, minmay_strange_pillars
D:7:      layout_loops_ring, nicolae_ashenzari_skybound,
          minmay_temple_entry_nine_rooms, lightli_corner_chamber
D:8:      layout_loops_ring, overflow_temple_1_default,
          nicolae_ru_great_annihilating_truth, due_lair_maze_entry_diamond,
          enter_bailey_5, minmay_misc_feat_room,
          hangedman_abyss_or_decor_lesser_grid, amcnicky_mini_pool_small,
          nicolae_underground_beach, uniq_psyche
D:9:      layout_long_grid, uniq_maurice
D:10:     layout_basic, kiku_gazebo_garden_becter, special_room
          [special_room_orc], uniq_maggie, uniq_grum
D:11:     layout_irregular_city, david_orc_3
D:12:     cheibrodos_wizards_tower, layout_loops_ring, uniq_erolcha, uniq_sonja
D:13:     minmay_firetagon, layout_loops_ring, hex_large,
          nicolae_kite_square_tiling_tiny
D:14:     layout_long_grid, hellmonk_vaults_attempted_burglary, minivault_25,
          monkooky_shop_alliterative
Temple:   nicolae_temple_ecumenical_triangle

Skill      XL: |  1  2  3  4  5  6  7  8  9 10 11 12 13 |
---------------+----------------------------------------+-----
Axes           | 3 4 5 6 7 8 10 12 13 14 | 14.5
Fighting       | 4 5 6 8 10 11 13 | 13.6
Invocations    | 4 9 12 14 | 14.7
Armour         | 4 6 |  6.0
Dodging        | 4 5 |  5.3
Shields        | 6 |  6.9
Evocations     | 5 6 |  6.1

Action                     |  1- 3 |  4- 6 |  7- 9 | 10-12 | 13-15 || total
---------------------------+-------+-------+-------+-------+-------++-------
  Melee: War axe           |   117 |   173 |   309 |   531 |       ||  1130
         Great mace        |       |       |       |       |    39 ||    39
 Invoke: Slouch            |       |       |       |     4 |     1 ||     5
  Evoke: Wand              |       |       |     2 |    41 |     2 ||    45
    Use: Scroll            |       |    10 |     8 |    10 |     3 ||    31
         Potion            |       |       |     6 |     2 |       ||     8
   Stab: Paralysed         |       |       |       |     1 |       ||     1
 Armour: Scale mail        |    88 |   112 |   274 |    85 |       ||   559
         Chain mail        |       |       |       |   321 |    83 ||   404
         Skin              |       |       |       |       |     2 ||     2
  Dodge: Dodged            |    44 |    79 |   162 |   352 |    57 ||   694
  Block: Buckler           |    16 |    33 |    52 |   158 |       ||   259

Table legend: (Time is in decaauts)
 A = Elapsed time spent in this place.
 B = Non-inter-level travel time spent in this place.
 C = Inter-level travel time spent in this place.
 D = Time resting spent in this place.
 E = Time spent auto-exploring this place.
 F = Levels seen in this place.
 G = Mean time per level.
                   A        B        C        D        E       F      G
               +--------+--------+--------+--------+--------+-----+--------+
         Total |  20397 |  19762 |    635 |   4714 |  12091 |  16 | 1274.8 |
       Dungeon |  18943 |  18320 |    623 |   3908 |  11866 |  14 | 1353.1 |
        Temple |     21 |      9 |     12 |      0 |      0 |   1 |   21.0 |
        Bailey |   1432 |   1432 |      0 |    805 |    225 |   1 | 1432.0 |
               +--------+--------+--------+--------+--------+-----+--------+

Top non-repeatable levels by time:
    D:13: 2052 daAuts
    D:10: 1842 daAuts
    D:12: 1625 daAuts
     D:5: 1610 daAuts
     D:7: 1608 daAuts
    D:14: 1496 daAuts
     D:9: 1485 daAuts
  Bailey: 1432 daAuts
    D:11: 1402 daAuts
     D:1: 1175 daAuts
     D:2: 1075 daAuts
     D:8: 1012 daAuts
     D:6: 941 daAuts
     D:4: 856 daAuts
     D:3: 759 daAuts
